 Dungeon Crawl Stone Soup version 0.31-a0-355-g57cb03d3e8 (webtiles) character file.

Game seed: 15278108842015109965

5099 LeprechaunX the Grappler (level 10, -7/62 HPs)
             Began as an Octopode Shapeshifter on July 24, 2023.
             Was a Priest of Hepliaklqana.
             Mangled by Joseph
             ... wielding a +0 quarterstaff
              (14 damage)
             ... on level 9 of the Dungeon.
             The game lasted 00:18:01 (9696 turns).

LeprechaunX the Grappler (Octopode Shapeshifter)    Turns: 9696, Time: 00:18:01

Health: -7/62      AC:  1    Str: 23    XL:     10   Next: 57%
Magic:  0/10       EV: 15    Int: 10    God:    Hepliaklqana [***...]
Gold:   443        SH:  0    Dex: 12    Spells: 9/9 levels left

rFire   . .          .
                       - Unarmed
rCold   . . .        (no shield)
rNeg    . . .        (helmet currently unavailable)
rPois   +            t - amulet "Sixzaaf" {Spirit rCorr Str+3}
rElec   .            i - ring of poison resistance
rCorr   +            B - ring of resist corrosion
SInv    .            (no ring)
Will    .....        (no ring)
Stlth   ++           (no ring)
HPRegen 0.30/turn    (no ring)
MPRegen 0.12/turn    (no ring)
                     (no ring)

%: guardian spirit
@: beast-form
A: beast (slay +4), reduced essence, almost no armour, amphibious, 8 rings,
camouflage 1, gelatinous body 1, (nimble swimmer 1), tentacles
a: Begin Untransformation, Renounce Religion, Recall Ancestor, Ancestor
Identity, Transference


You were on level 9 of the Dungeon.
You worshipped Hepliaklqana.
Hepliaklqana was most pleased with you.
You were a hulking beast.
You visited 2 branches of the dungeon, and saw 10 of its levels.
You also visited: Ossuary.

You collected 443 gold pieces.

Inventory:

Hand Weapons
 a - a +0 shortbow
Missiles
 J - 2 throwing nets
Jewellery
 i - a ring of poison resistance (left tentacle)
 l - an amulet of faith
 s - an amulet of regeneration
 t - the amulet "Sixzaaf" (around mantle) {Spirit rCorr Str+3}
   (You found it on level 4 of the Dungeon)

   [amulet of guardian spirit]

   It causes incoming damage to be divided between your reserves of health and
   magic.
   Str:       It affects your strength (+3).
   rCorr:     It protects you from acid and corrosion.
 B - a ring of resist corrosion (right tentacle)
Talismans
 b - a beast talisman
 G - a blade talisman
Wands
 A - a wand of iceblast (16)
 F - a wand of mindburst (12)
 I - a wand of paralysis (5)
 K - a wand of quicksilver (5)
Scrolls
 c - 3 scrolls of teleportation
 e - 2 scrolls of torment {unknown}
 g - 2 scrolls of enchant armour
 h - 5 scrolls of identify
 k - a scroll of fear {unknown}
 o - 2 scrolls of amnesia {unknown}
 q - a scroll of noise {unknown}
 u - 2 scrolls of immolation {unknown}
 w - a scroll of silence {unknown}
 x - a scroll of brand weapon {unknown}
 y - a scroll of revelation {unknown}
 z - a scroll of enchant weapon {unknown}
Potions
 d - 5 potions of curing
 f - a potion of brilliance
 j - 3 potions of haste
 m - a potion of attraction
 n - 3 potions of mutation
 p - 3 potions of enlightenment
 r - a potion of cancellation
 C - a potion of invisibility {unknown}
 D - 2 potions of lignification
 E - a potion of ambrosia {unknown}
 H - a potion of might {unknown}


   Skills:
 + Level 6.7 Fighting
 + Level 4.7 Ranged Weapons
 - Level 6.0 Dodging
 + Level 9.2 Unarmed Combat
 * Level 7.0 Shapeshifting


You had 9 spell levels left.
You didn't know any spells.
Your spell library contained the following spells:

 Spells                   Type           Power      Damage    Failure   Level
 Freeze                   Ice            0%         1d3       36%         1
 Frozen Ramparts          Ice            0%         1d1       75%         3
 Hailstorm                Conj/Ice       0%         3d3       75%         3
 Ignite Poison            Fire/Tmut/Pois 0%         N/A       75%         3
 Sticky Flame             Conj/Fire      0%         2d3       98%         4
 Ignition                 Fire           0%         3d3       100%        8


Dungeon Overview and Level Annotations

Branches:
Dungeon (9/15)             Temple (1/1) D:4         Ossuary (visited)
   Lair: D:8-11         Orc: D:9-12

Altars:
Ashenzari
Cheibriados
Dithmenos
Elyvilon
Fedhas
Gozag
Hepliaklqana
Kikubaaqudgha
Makhleb
Nemelex Xobeh
Okawaru
Qazlal
Ru
Sif Muna
Trog
Uskayaw
Vehumet
Wu Jian
Xom
Yredelemnul
Zin
The Shining One

Shops:
D:2 =   D:7 :[

Annotations:
D:9 Joseph


Innate Abilities, Weirdness & Mutations

You are a hulking beast.
Your limbs bulge with bestial killing power. (Slay +4)
Your life essence is reduced to manifest your ancestor. (-10% HP)
You cannot wear most types of armour.
You are amphibious.
You can wear up to eight rings at the same time.
Your skin changes colour to match your surroundings (Stealth+).
Your rubbery body absorbs attacks. (AC +1, EV +1)
((You are camouflaged when in or above water. (Stealth+)))
You have tentacles for arms and can constrict up to eight enemies at once.


Message History

The arrow barely misses Joseph.
Joseph shoots a sling bullet.
The sling bullet barely misses Wilfreda.
The sling bullet hits you!
Joseph unwields a +0 sling.
Joseph wields a +0 quarterstaff.
Joseph hits Wilfreda with a +0 quarterstaff.
You shoot an arrow. Wilfreda avoids your attack.
The arrow closely misses Joseph.
A bullfrog comes into view.
Wilfreda hits Joseph with a +0 quarterstaff!!
You shoot an arrow. Wilfreda avoids your attack.
The arrow closely misses Joseph.
Joseph unwields a +0 quarterstaff.
Joseph wields a +0 sling.
Joseph shoots a sling bullet.
The sling bullet hits Wilfreda!
Wilfreda casts a spell at Joseph.
The puff of frost hits Joseph!
You shoot an arrow. Wilfreda avoids your attack.
The arrow hits Joseph.
Joseph is severely wounded.
Joseph shoots a sling bullet.
The sling bullet hits Wilfreda!
Wilfreda is destroyed!
You shoot an arrow. The arrow closely misses Joseph.
The arrow hits the bullfrog!
The bullfrog is moderately wounded.
Joseph shoots a sling bullet.
The sling bullet barely misses you.
Joseph shoots a sling bullet.
The sling bullet hits you!
Joseph shouts, "At last, some action!"
Joseph shoots a sling bullet.
The sling bullet hits you!
* * * LOW HITPOINT WARNING * * *
You are now empty-tentacled.
Joseph is nearby!
You feel much better.
Joseph says, "I'm here to kill trespassers.
I like my job."
Joseph shoots a sling bullet.
The sling bullet hits you!!
Joseph unwields a +0 sling.
Joseph wields a +0 quarterstaff.
Joseph hits you with a +0 quarterstaff!
* * * LOW HITPOINT WARNING * * *
You tentacle-slap Joseph. You grab Joseph. You squeeze Joseph.
Joseph is severely wounded.
You constrict Joseph. The bullfrog barely misses you.
Joseph hits you with a +0 quarterstaff!
You die...

#.# #.##. #.# #..
#.### #)# #...#
#)# ###.# #)# #.#
#.### #.# #...#
#<# #)#@#
#.######)#h##
#........F..######
#######.......#..#
#.......#..#
#....#..[..######
###..#..#†...#..#
######.....#..#
#.[#.....#####
#..#....#..#..


You could see Joseph and a bullfrog.

Vanquished Creatures
  2 hornets
  2 water moccasins
  Duvessa (D:4)
  3 ice beasts
  An orc warrior (D:9)
  4 ogres
  5 centaurs
  3 phantoms
  A kobold brigand (D:9)
  An elf zombie (Ossuary)
  A bullfrog (D:8)
  Dowan (D:4)
  2 wights (D:9)
  6 killer bees
  4 howler monkeys
  A centaur zombie (Ossuary)
  A lava snake (D:7)
  2 hounds (D:7)
  2 orc priests
  3 gnoll boudas (D:9)
  A jelly (D:3)
  A human zombie (Ossuary)
  4 iguanas
  6 orc wizards
  3 mummies (Ossuary)
  A hound zombie (Ossuary)
  7 gnolls
  10 adders
  A shadow imp (D:5)
  4 white imps
  5 adder zombies (Ossuary)
  The ghost of drugrobin the Sneak, a weakling DgDe (D:5)
  2 dart slugs (D:1)
  33 orcs
  15 endoplasms
  3 giant cockroaches
  2 gnoll zombies (Ossuary)
  6 goblins
  3 hobgoblins
  5 jackals
  14 kobolds
  5 quokkas
  7 ball pythons
  5 bats
  3 frilled lizards
  2 goblin zombies (Ossuary)
  2 hobgoblin zombies (Ossuary)
  3 jackal zombies (Ossuary)
  4 kobold zombies (Ossuary)
  2 orc zombies (Ossuary)
  2 quokka zombies (Ossuary)
  10 rats
  3 rat zombies (Ossuary)
221 creatures vanquished.

Vanquished Creatures (collateral kills)
  A black bear (D:7)
  A sky beast (D:8)
  2 ogres (D:9)
  A bullfrog (D:7)
  A kobold brigand (D:8)
  A scorpion (D:7)
  3 wights (D:9)
  4 killer bees
  A howler monkey (D:9)
  A crimson imp (D:6)
  A hound (D:7)
  A centaur zombie (Ossuary)
  A jelly (D:7)
  An orc priest (D:9)
  2 human zombies (Ossuary)
  2 orc wizards
  8 gnolls
  A white imp (D:6)
  10 orcs
  A kobold (D:8)
  2 quokka zombies (Ossuary)
  A rat zombie (Ossuary)
47 creatures vanquished.

Vanquished Creatures (others)
  3 battlemagi
  An orc wizard (D:9)
  An ancestor (Ossuary)
5 creatures vanquished.

Grand Total: 273 creatures vanquished

Notes
Turn   | Place    | Note
-------+----------+-------------------------------------------
     0 | D:1      | LeprechaunX the Octopode Shapeshifter began the quest for
                  | the Orb.
     0 | D:1      | Reached XP level 1. HP: 13/13 MP: 1/1
   140 | D:1      | Found a faded altar of an unknown god.
   190 | D:1      | Reached XP level 2. HP: 18/18 MP: 2/2
   759 | D:1      | Reached XP level 3. HP: 20/23 MP: 3/3
  1115 | D:2      | Found Xackour's Jewellery Shoppe.
  1199 | D:2      | Reached XP level 4. HP: 26/29 MP: 4/4
  1423 | D:2      | Identified the +2 dagger of Boagicepp {freeze, Str+2}
  1930 | D:3      | Reached skill level 4 in Unarmed Combat
  2344 | D:3      | Reached XP level 5. HP: 30/34 MP: 5/5
  2871 | D:4      | Identified the amulet "Sixzaaf" {Spirit rCorr Str+3}
  2885 | D:4      | Noticed Duvessa
  2886 | D:4      | Noticed Dowan
  3199 | D:4      | Killed Duvessa
  3200 | D:4      | Reached XP level 6. HP: 37/41 MP: 2/6
  3207 | D:4      | Killed Dowan
  3208 | D:4      | Reached skill level 5 in Unarmed Combat
  3439 | D:4      | Found a staircase to the Ecumenical Temple.
  3447 | D:4      | Reached XP level 7. HP: 12/46 MP: 2/7
  3453 | Temple   | Entered the Ecumenical Temple
  3484 | Temple   | Became a worshipper of Hepliaklqana the Forgotten
  3925 | D:5      | Entered Level 5 of the Dungeon
  3928 | D:5      | Found a runed translucent door.
  4054 | D:5      | Reached skill level 6 in Unarmed Combat
  4222 | D:5      | Reached XP level 8. HP: 48/54 MP: 8/8
  4640 | D:5      | Reached skill level 7 in Unarmed Combat
  4779 | D:5      | Reached * piety under Hepliaklqana
  5361 | D:5      | Noticed drugrobin's ghost (weakling DgDe)
  5371 | D:5      | Killed drugrobin's ghost
  5458 | D:6      | Reached skill level 1 in Ranged Weapons
  5491 | D:6      | Noticed a hornet
  5497 | D:6      | Killed a hornet
  5498 | D:6      | Reached skill level 5 in Dodging
  5587 | D:6      | Reached skill level 5 in Shapeshifting
  5603 | D:6      | Reached XP level 9. HP: 47/54 MP: 7/9
  5756 | D:6      | Found a sand-covered staircase.
  5767 | Ossuary  | Entered an ossuary
  5836 | Ossuary  | Reached skill level 5 in Fighting
  6470 | D:6      | Reached ** piety under Hepliaklqana
  6471 | D:6      | Remembered your ancestor Wilfreda as a battlemage
  6718 | D:6      | Reached skill level 8 in Unarmed Combat
  7022 | D:7      | Found Enimoace's Armour Shoppe.
  7099 | D:7      | Found Ikhookk's Tremendous Tomes.
  7477 | D:7      | Found a hide-covered altar of Uskayaw.
  7621 | D:7      | Found a shadowy altar of Dithmenos.
  8144 | D:8      | Reached XP level 10. HP: 61/61 MP: 10/10
  8276 | D:8      | Identified the +6 hand axe of Cobwebs {vamp, *Slow rCorr
                  | Dex+3}
  8405 | D:8      | Reached *** piety under Hepliaklqana
  9003 | D:9      | Noticed Joseph
  9081 | D:9      | Reached skill level 9 in Unarmed Combat
  9696 | D:9      | Mangled by Joseph

Illustrated notes

Levels and vault maps discovered:
D:1:      erik_arrival_triangle_medium, layout_loops_ring, serial_forest,
          infiniplex_forest_straight_2, infiniplex_forest_clump_curved,
          infiniplex_forest_end_3, infiniplex_forest_clump_diagonal,
          infiniplex_forest_clump_C, infiniplex_forest_lined_corner,
          infiniplex_forest_straight_3, basic_ecumenical_altar
D:2:      layout_basic, serial_shops, shop, minmay_tromino_v4_c
D:3:      cheibrodos_fertilizer, layout_basic
D:4:      layout_rooms, minmay_temple_entry_gardened_gates, serial_bayou_pond_a,
          uniq_duvessa
D:5:      layout_loops_corners, ebering_ghost_reflecting_pool,
          grunt_ministairs_14
D:6:      layout_loops_corners, nicolae_ossuary_entry_monument,
          nrook_mini_vaults, minmay_fire_ice_demons
D:7:      layout_loops_corners, mainiacjoe_overflow_paths,
          nicolae_uskayaw_suspiria, serial_shops, shop,
          nicolae_shop_i_like_big_books, dreamdust_gnoll_farm
D:8:      layout_basic
D:9:      kennysheep_seaside_town, layout_loops_ring, hangedman_decor_push,
          uniq_joseph
Temple:   mainiacjoe_temple_big_plus

Skill      XL: |  1  2  3  4  5  6  7  8  9 10 |
---------------+-------------------------------+-----
Fighting       | 2 3 4 6 |  6.7
Unarmed Combat | 4 5 6 7 8 9 |  9.2
Dodging        | 3 4 5 6 |  6.0
Shapeshifting  | 4 5 6 7 |  7.0
Ranged Weapons | 1 3 4 |  4.7

Action                     |  1- 3 |  4- 6 |  7- 9 | 10-12 || total
---------------------------+-------+-------+-------+-------++-------
  Melee: Unarmed           |    64 |   110 |   174 |    65 ||   413
         Constrict         |    15 |    21 |    47 |    19 ||   102
         Tentacles         |     6 |    16 |    36 |    16 ||    74
         Punch             |       |     4 |    12 |     2 ||    18
   Fire: Shortbow          |       |       |   148 |    24 ||   172
 Invoke: Ancestor Life: Ba |       |       |     1 |       ||     1
    Use: Potion            |       |     2 |       |     1 ||     3
         Scroll            |       |       |    10 |       ||    10
   Stab: Sleeping          |     9 |    10 |     9 |     3 ||    31
         Distracted        |       |     1 |     2 |     1 ||     4
 Armour: Skin              |     8 |    10 |     2 |     1 ||    21
  Dodge: Dodged            |    29 |    56 |    85 |    47 ||   217

Table legend: (Time is in decaauts)
 A = Elapsed time spent in this place.
 B = Non-inter-level travel time spent in this place.
 C = Inter-level travel time spent in this place.
 D = Time resting spent in this place.
 E = Time spent auto-exploring this place.
 F = Levels seen in this place.
 G = Mean time per level.
                   A        B        C        D        E       F      G
               +--------+--------+--------+--------+--------+-----+--------+
         Total |   9659 |   9163 |    496 |    691 |   6703 |  11 |  878.1 |
       Dungeon |   9123 |   8686 |    437 |    615 |   6547 |   9 | 1013.7 |
        Temple |    117 |     58 |     59 |     56 |      0 |   1 |  117.0 |
       Ossuary |    417 |    417 |      0 |     20 |    156 |   1 |  417.0 |
               +--------+--------+--------+--------+--------+-----+--------+

Top non-repeatable levels by time:
     D:5: 1506 daAuts
     D:3: 1237 daAuts
     D:8: 1107 daAuts
     D:7: 1056 daAuts
     D:1: 1010 daAuts
     D:6: 1002 daAuts
     D:4: 789 daAuts
     D:2: 753 daAuts
     D:9: 658 daAuts
 Ossuary: 417 daAuts
  Temple: 117 daAuts
